AoeStats
← SHOGUN

Four Lakes

509559492Analyzed
1v1 RM · 4d ago on Sep 27, 2026· 42m 35s· 2 players
Game mode
Random Map
Map size
Tiny (2 player)
Population
200
Speed
Normal
Resources
Standard
Victory
Conquest
Starting age
Dark Age
Ending age
Imperial Age
RankedLock teamsTeams togetherTeam positionsShared explorationLock speedFull tech treeHidden civsTurbo modeCheats
Victory
Defeat
🇩🇪 Italians · Germany
1312
+15
🇭🇰 Armenians · Hong Kong SAR China
1289
-15
SHOGUN
6:15 Loom
9:07 Feudal Age
9:39 Man-at-Arms
10:51 Long Swordsman
16:21 Horse Collar
18:52 Fishing Lines
21:57 Wheelbarrow
25:32 Castle Age
23:43 Padded Archer Armor
23:43 Scale Mail Armor
23:57 Double-Bit Axe
25:36 Gold Mining
25:34 Two-Handed Swordsman
27:03 Gold Shaft Mining
26:41 Bow Saw
26:12 Crossbowman
26:55 Squires
27:16 Elite Skirmisher
29:28 Fletching
29:45 Gambesons
30:13 Stone Mining
30:56 Pikeman
33:32 Gillnets
36:47 Chain Mail Armor
36:27 Bodkin Arrow
36:43 Forging
40:49 Champion
LeoKiller225910
4:39 Loom
9:48 Feudal Age
10:19 Double-Bit Axe
16:10 Fletching
21:05 Horse Collar
25:19 Castle Age
23:39 Padded Archer Armor
23:42 Gold Mining
24:13 Scale Barding Armor
24:29 Forging
25:38 Bloodlines
26:11 Bow Saw
26:00 Bodkin Arrow
25:47 Crossbowman
31:06 Thumb Ring
33:57 Light Cavalry
35:19 Ballistics
35:37 Husbandry
38:27 Wheelbarrow
40:30 Heavy Plow
44:39 Imperial Age
43:21 Chain Barding Armor
43:37 Iron Casting
Connection lost

Rejoining the realm…

Still unreachable

The connection could not be restored.

Session expired

The server has moved on; the page needs a fresh start.